 Dungeon Crawl Stone Soup version 0.20.1-1-g8b1a95d66d (webtiles) character file.

567 NullDivider the Sneak (level 7, -8/46 HPs)
             Began as an Octopode Artificer on Dec 7, 2017.
             Mangled by an orc warrior
             ... wielding a +0 scimitar
              (15 damage)
             ... on level 5 of the Dungeon.
             The game lasted 00:21:24 (5626 turns).

NullDivider the Sneak (Octopode Artificer)          Turns: 5626, Time: 00:21:25

Health: -8/46      AC:  2    Str: 12    XL:     7   Next: 33%
Magic:  19/19      EV: 15    Int: 13    God:
Gold:   227        SH:  0    Dex: 14    Spells: 6/6 levels left

rFire    . . .     SeeInvis +   t - +0 dagger
rCold    . . .     Gourm    .   (no shield)
rNeg     . . .     Faith    .   u - +1 hat {SInv}
rPois    .         Spirit   .   (no amulet)
rElec    .         Reflect  .   m - ring of magical power
rCorr    .         Harm     .   (no ring)
MR       .....                  (no ring)
Stlth    ++++......             (no ring)
Regen    0.2/turn               (no ring)
MPRegen  0.2/turn               (no ring)
                                (no ring)
                                (no ring)

@: no status effects
A: almost no armour, stealthy swim, amphibious, 8 rings, constrict 8, camouflage
1, gelatinous body 1
a: no special abilities


You were on level 5 of the Dungeon.
You were hungry.

You visited 1 branch of the dungeon, and saw 5 of its levels.
You also visited: Sewer and Ossuary.

You collected 227 gold pieces.

Inventory:

Hand Weapons
 t - a +0 dagger (weapon)
Armour
 u - a +1 hat of see invisible (worn)
Jewellery
 m - a ring of magical power (left tentacle)
Wands
 b - a wand of flame (6/48)
 c - a wand of enslavement (11/24)
 d - a wand of random effects (15/48)
Scrolls
 a - a scroll of amnesia {unknown}
 e - 8 scrolls of remove curse {unknown}
 h - 3 scrolls of teleportation {unknown}
 j - 7 scrolls of identify {unknown}
 k - a scroll of recharging {unknown}
 l - a scroll of enchant armour {unknown}
 n - 2 scrolls of fear {unknown}
 s - a scroll of magic mapping {unknown}
 y - 2 scrolls of random uselessness {unknown}
Potions
 g - 4 potions of ambrosia {unknown}
 i - 10 potions of degeneration {unknown}
 p - a potion of haste {unknown}
 q - a potion of might {unknown}
 r - a potion of cancellation {unknown}
 v - a potion of berserk rage {unknown}
 w - 4 potions of curing {unknown}
 z - 4 potions of flight {unknown}
 A - 3 potions of agility {unknown}
 B - a potion of lignification {unknown}
 C - 2 potions of heal wounds {unknown}
 D - a potion of mutation {unknown}
Comestibles
 f - 4 bread rations
 o - a meat ration


   Skills:
 + Level 3.3 Fighting
 + Level 2.9 Short Blades
 + Level 3.6 Dodging
 * Level 6.5 Stealth
 + Level 4.4 Evocations


You had 6 spell levels left.
You didn't know any spells.

Dungeon Overview and Level Annotations

Branches:
Dungeon (5/15)
 Temple: D:4-7

Altars:
Dithmenos
Elyvilon
Fedhas
Kikubaaqudgha
Sif Muna

Annotations:
D:4 Gomac's ghost, amateur DsGl


Innate Abilities, Weirdness & Mutations

You cannot wear most types of armour.
You are very stealthy in the water. (Stealth+)
You are amphibious.
You can wear up to eight rings at the same time.
You can use your tentacles to constrict eight enemies at once.
Your skin changes colour to match your surroundings (Stealth+).
Your rubbery body absorbs attacks. (AC +1, EV +1)


Message History

The orc warrior completely misses you.
You hit the orc warrior.
The orc warrior is lightly wounded.
You constrict the orc warrior, but do no damage.
You hit the orc warrior but do no damage.
The orc warrior is lightly wounded.
You constrict the orc warrior. The orc warrior misses you.
You hit the orc warrior.
The orc warrior is moderately wounded.
You constrict the orc warrior, but do no damage.
The orc warrior hits you with a scimitar!
* * * LOW HITPOINT WARNING * * *
Evoke which item? (* to show all) (? for menu, Esc to quit)
Aiming: Enslavement
Press: ? - help, Shift-Dir - straight line, f/p - orc warrior
Aim: an orc warrior, wielding a scimitar and wearing a plate armour (moderately wounded, constricted by you, chance to defeat MR: 59%)
The orc warrior resists with significant effort.
This wand has 11 charges left.
You constrict the orc warrior.
The orc warrior hits you with a scimitar!
You die...

#####.# #. #.
#....[# #. #r#
#.###.# #. .. #.#
#.# # #. #.##.#
#.#.# #. .o#.###.#.#
. #.#.......#
######)#####.######
......)o@...........
#######.####.#######
.... ...! ###..#
#.### ##.# #.# ..
#.# #. #.# .. .#


You could see an orc warrior.

Vanquished Creatures
  A bullfrog (Sewer)
  A scorpion (D:4)
  A centaur zombie (Ossuary)
  2 hounds (D:4)
  An iguana (D:4)
  2 worker ants (D:4)
  A big kobold zombie (Ossuary)
  3 mummies (Ossuary)
  4 adders
  8 oozes (Sewer)
  2 worms (D:2)
  2 dart slugs
  9 leopard geckos
  4 orcs
  10 ball pythons
  14 giant cockroaches
  3 gnoll zombies (Ossuary)
  8 goblins
  5 hobgoblins
  8 kobolds
  5 quokkas
  5 bats
  10 frilled lizards
  2 jackal zombies (D:4)
  2 kobold zombies (Ossuary)
  An orc zombie (Ossuary)
  6 rats
120 creatures vanquished.

Vanquished Creatures (collateral kills)
  An orc priest (D:5)
  An orc wizard (D:5)
  A giant cockroach (Sewer)
  A quokka (D:5)
  A frilled lizard (Sewer)
5 creatures vanquished.

Vanquished Creatures (others)
  An adder (Sewer)
1 creature vanquished.

Grand Total: 126 creatures vanquished

Notes
Turn   | Place    | Note
-------+----------+-------------------------------------------
     0 | D:1      | NullDivider the Octopode Artificer began the quest for the Orb.
     0 | D:1      | Reached XP level 1. HP: 13/13 MP: 3/3
   213 | D:1      | Reached XP level 2. HP: 17/18 MP: 4/4
   408 | D:1      | Reached skill level 2 in Stealth
   914 | D:1      | Reached XP level 3. HP: 23/23 MP: 5/5
  1235 | D:2      | Found a blossoming altar of Fedhas.
  1237 | D:2      | Found an ancient bone altar of Kikubaaqudgha.
  1256 | D:2      | Found a deep blue altar of Sif Muna.
  1296 | D:2      | Found a white marble altar of Elyvilon.
  1330 | D:2      | Found a white marble altar of Elyvilon.
  1856 | D:3      | Found a glowing drain.
  1890 | Sewer    | Entered a sewer
  1978 | Sewer    | Reached skill level 3 in Stealth
  1994 | Sewer    | Reached XP level 4. HP: 24/29 MP: 6/6
  2341 | Sewer    | Reached XP level 5. HP: 16/34 MP: 7/7
  2557 | Sewer    | Reached skill level 4 in Stealth
  3155 | D:3      | Reached XP level 6. HP: 41/41 MP: 9/9
  3284 | D:3      | Found a shadowy altar of Dithmenos.
  3579 | D:3      | Reached skill level 5 in Stealth
  4040 | D:4      | Found a sand-covered staircase.
  4067 | Ossuary  | Entered an ossuary
  4706 | D:4      | Noticed Gomac's ghost (amateur DsGl)
  4860 | D:4      | Reached XP level 7. HP: 46/46 MP: 10/10
  4892 | D:4      | Reached skill level 6 in Stealth
  5393 | D:5      | Entered Level 5 of the Dungeon
  5626 | D:5      | Mangled by an orc warrior

Skill      XL: |  1  2  3  4  5  6  7 |
---------------+----------------------+-----
Stealth        | 2 3 4 5 6 |  6.5
Fighting       | 2 3 |  3.3
Short Blades   | 2 |  2.9
Dodging        | 3 |  3.6
Evocations     | 4 |  4.4

Action                   |  1- 3 |  4- 6 |  7- 9 || total
-------------------------+-------+-------+-------++-------
Melee: Short sword       |    61 |       |       ||    61
       Constrict         |    17 |    32 |     4 ||    53
       Tentacles         |    18 |    52 |     7 ||    77
       Dagger            |    16 |   192 |    29 ||   237
Evoke: Wand              |       |     3 |    10 ||    13
 Stab: Sleeping          |    10 |    14 |     5 ||    29
       Distracted        |       |     3 |       ||     3
  Eat: Chunk             |     3 |     7 |     2 ||    12
       Royal jelly       |       |     1 |       ||     1
Armor: Skin              |     5 |    12 |       ||    17
Dodge: Dodged            |    27 |   101 |    15 ||   143
